 Dungeon Crawl Stone Soup version 0.27-a0-909-g0721f309d1 (webtiles) character file.

Game seed: 11624907283565816780

30 lunkers the Magician (level 3, -3/27 HPs)
             Began as a Djinni Earth Elementalist on Apr 8, 2021.
             Slain by an ogre
             ... wielding a +0 giant club
              (28 damage)
             ... on level 2 of the Dungeon.
             The game lasted 00:00:36 (1052 turns).

lunkers the Magician (Djinni Earth Elementalist)    Turns: 1052, Time: 00:00:37

Health: -3/27      AC:  2    Str:  7    XL:     3   Next: 20%
Gold:   42         EV: 12    Int: 17    God:
                   SH:  0    Dex: 13

rFire    + + .     SeeInvis .   (no weapon)
rCold    x . .     Faith    .   (no shield)
rNeg     . . .     Spirit   .   c - +0 robe
rPois    ∞         Reflect  .   (no helmet)
rElec    .         Harm     .   (no cloak)
rCorr    .         Rampage  .   (no gloves)
Will     .....                  (boots unavailable)
Stlth    ++........             (no amulet)
HPRegen  0.09/turn              (no ring)
MPRegen  0.00/turn              (no ring)

@: flying
A: fire resistance 2, cold vulnerability 1, float, innate caster, hp casting,
extra vitality 1
a: no special abilities


You were on level 2 of the Dungeon.
You visited 1 branch of the dungeon, and saw 2 of its levels.

You collected 42 gold pieces.

Inventory:

Missiles
 b - 19 stones
Armour
 c - a +0 robe (worn)
Scrolls
 a - a scroll of acquirement {unknown}
 d - 3 scrolls of teleportation {unknown}
 e - a scroll of noise {unknown}


   Skills:
 + Level 1.3 Fighting
 - Level 2.1 Dodging
 - Level 1.5 Stealth
 * Level 3.4 Spellcasting


You couldn't memorise any spells.
You knew the following spells:

 Your Spells              Type           Power      Damage    Failure   Level
a - Sandblast             Erth           28%        2d8       4%          1
b - Passwall              Tmut/Erth      11%        N/A       6%          2
c - Stone Arrow           Conj/Erth      28%        3d8       12%         3
d - Petrify               Tmut/Erth      14%        N/A       38%         4
e - Lee's Rapid Deconstr  Erth           7%         3d7*      75%         5
f - Corona                Hex            15%        N/A       4%          1
Your spell library was empty.

Dungeon Overview and Level Annotations

Branches:
Dungeon (2/15)

Altars:


Innate Abilities, Weirdness & Mutations

You are immune to poison.
Your flesh is very heat resistant. (rF++)
You are vulnerable to cold. (rC-)
You float through the air rather than walking.
You learn spells naturally, not from books.
Your magical power is your life essence.
You have superior vitality. (+4 HP)


Message History

Done exploring.
No target in view!
Done exploring.
No target in view!
Done exploring.
Done exploring.
(D) Dungeon
Where to? (? - help)
What level of the Dungeon? (default 1, ? - help)
There is a stone staircase leading down here.
You fly downwards.
Found a dagger.
Found a stone staircase leading up.
There is a stone staircase leading up here.
A frilled lizard comes into view.
A frilled lizard is nearby!
Casting: Sandblast (safe; 4% risk of failure)
Confirm with . or Enter, or press ? or * to list all spells.
The blast of sand hits the frilled lizard!
You kill the frilled lizard!
Key pressed, stopping explore.
No target in view!
No target in view!
HP restored.
Found a stone staircase leading down.
No target in view!
An ogre comes into view. It is wielding a +0 giant club.
The ogre shouts!
An ogre is nearby!
An ogre is nearby!
Casting: Sandblast (safe; 4% risk of failure)
Confirm with . or Enter, or press ? or * to list all spells.
The blast of sand hits the ogre!
The ogre is moderately wounded.
Casting: Sandblast (safe; 4% risk of failure)
Confirm with . or Enter, or press ? or * to list all spells.
The blast of sand hits the ogre.
The ogre is moderately wounded.
The ogre hits you with a +0 giant club!!
Ouch! That really hurt!
You die...

#.#........#
..........#
#.#<.....#
#........##
#.........#
#.##......#.###
#...<.........#
#...)#.#..#.#.#
#....#.#..#@#
+..........>#O#
#.#.##.#.##.#.#
#.#. ..#....#.#
. .#####.####.#
.. ... ..# ###


You could see an ogre.

Vanquished Creatures
  A ball python (D:1)
  2 endoplasms (D:1)
  4 goblins (D:1)
  4 hobgoblins (D:1)
  3 jackals (D:1)
  2 quokkas (D:1)
  3 bats (D:1)
  2 frilled lizards
  4 kobolds (D:1)
  3 rats (D:1)
28 creatures vanquished.

Notes
Turn   | Place    | Note
-------+----------+-------------------------------------------
     0 | D:1      | lunkers the Djinni Earth Elementalist began the quest for
                  | the Orb.
     0 | D:1      | Reached XP level 1. HP: 15/15 MP: 0/0
   185 | D:1      | Reached skill level 3 in Spellcasting
   185 | D:1      | Reached XP level 2. HP: 20/22 MP: 0/0
   375 | D:1      | Reached skill level 1 in Fighting
   560 | D:1      | Reached XP level 3. HP: 18/27 MP: 0/0
   560 | D:1      | Learned a level 1 spell: Corona
   711 | D:1      | Found a faded altar of an unknown god.
  1048 | D:2      | Noticed an ogre
  1052 | D:2      | Slain by an ogre

Illustrated notes

Levels and vault maps discovered:
D:1:      noname_arrival_rooms_in_the_neighbourhood, layout_basic,
          basic_ecumenical_altar, minmay_misc_feat_alley
D:2:      layout_basic

Skill      XL: |  1  2 |
---------------+-------+-----
Spellcasting   | 3 |  3.4
Fighting       | 1 |  1.3
Dodging        | |  2.1
Stealth        | |  1.5

Action                   || total
-------------------------++-------
 Cast: Sandblast         ||    41
Armor: Robe              ||     3
Dodge: Dodged            ||     7

Table legend: (Time is in decaauts)
 A = Elapsed time spent in this place.
 B = Non-inter-level travel time spent in this place.
 C = Inter-level travel time spent in this place.
 D = Time resting spent in this place.
 E = Time spent auto-exploring this place.
 F = Levels seen in this place.
 G = Mean time per level.
                   A        B        C        D        E       F      G
               +--------+--------+--------+--------+--------+-----+--------+
         Total |   1051 |   1031 |     20 |      0 |    898 |   2 |  525.5 |
       Dungeon |   1051 |   1031 |     20 |      0 |    898 |   2 |  525.5 |
               +--------+--------+--------+--------+--------+-----+--------+

Top non-repeatable levels by time:
     D:1: 1036 daAuts
     D:2: 15 daAuts
